 Dungeon Crawl Stone Soup version 0.17.0-28-g6e173f8 (webtiles) character file.

1768 fredomojojo the Covered (level 9, -1/66 HPs)
             Began as a Human Fighter on Nov 23, 2015.
             Was a Priest of Nemelex Xobeh.
             Slain by Pikel
             ... wielding a +1 whip of freezing
              (3 damage)
             ... on level 8 of the Dungeon.
             The game lasted 01:20:52 (5317 turns).

fredomojojo the Covered (Human Fighter)             Turns: 5317, Time: 01:20:52

Health: -1/66      AC:  7    Str: 20    XL:     9   Next: 28%
Magic:  3/3        EV: 11    Int:  8    God:    Nemelex Xobeh [***...]
Gold:   312        SH: 11    Dex: 19    Spells: 0 memorised, 8 levels left

rFire  . . .     SeeInvis .     E - +1 trident of the Twelve Tales {antimagic, +Fly Dex+6} (curse)
rCold  . . .     Clarity  .     F - +0 scale mail {rPois}
rNeg   + . .     SustAt   .     c - +0 shield
rPois  +         Gourm    .     A - +0 hat
rElec  .         Spirit   .     (no cloak)
rCorr  .         Warding  +     (no gloves)
rMut   .         Stasis   .     (no boots)
MR     .....                    l - amulet of warding
Stlth  +.........               (no ring)
                                o - ring of invisibility

@: aura of abjuration, not resistant to hostile enchantments, very unstealthy
A: no striking features
a: Triple Draw, Renounce Religion, Evoke Invisibility, Evoke Flight


You were on level 8 of the Dungeon.
You worshipped Nemelex Xobeh.
Nemelex Xobeh was most pleased with you.
You were not hungry.

You visited 1 branch of the dungeon, and saw 8 of its levels.

You collected 312 gold pieces.

Inventory:

Hand Weapons
 a - a +0 long sword
 k - a +3 flail of crushing
 m - a +0 shortbow
 s - a +2 dagger of venom
 t - a +0 hunting sling
 x - a +0 short sword of flaming
 y - a +1 scythe of holy wrath
 B - a +1 dagger of draining
 D - a +2 hand axe of chopping
 E - the cursed +1 trident of the Twelve Tales (weapon) {antimagic, +Fly Dex+6}
   (You took it off an orc wizard on level 5 of the Dungeon)

   It disrupts the flow of magical energy around spellcasters and certain
   magical creatures (including the wielder).
   It affects your dexterity (+6).
   It lets you fly.
   It has a curse placed upon it.
 G - the +6 great mace of the Egg {flame, Dex+4, unknown}
   (You found it on level 5 of the Dungeon)

   It has been specially enchanted to burn those struck by it, causing extra
   injury to most foes and up to half again as much damage against particularly
   susceptible opponents.
   It affects your dexterity (+4).
Missiles
 f - 156 stones
 q - 8 poisoned arrows
 I - 16 poisoned sling bullets
 N - a tomahawk (quivered)
Armour
 b - a +0 scale mail
 c - a +0 shield (worn)
 A - a +0 hat (worn)
 F - a +0 scale mail of poison resistance (worn)
Jewellery
 l - an amulet of warding (around neck)
 o - a ring of invisibility (left hand)
Wands
 e - a wand of confusion (23)
 H - a wand of polymorph (20)
 J - a wand of confusion (28)
Scrolls
 g - 4 scrolls of teleportation
 v - a scroll of fear
 z - a scroll of noise
 M - a scroll of identify
Potions
 d - 2 potions of might
 h - a potion of resistance {unknown}
 i - 2 potions of agility
 j - a potion of magic {unknown}
 n - 2 potions of mutation
 p - 6 potions of curing
 L - a potion of flight {unknown}
Books
 K - a book of Hinderance

   Spells                             Type                      Level
   a - Confusing Touch                Hexes                        2
   b - Confuse                        Hexes                        3
   c - Gell's Gravitas                Hexes/Translocation          3
   d - Petrify                        Transmutation/Earth          4
   e - Metabolic Englaciation         Hexes/Ice                    5
Miscellaneous
 w - a plain deck of destruction
 C - a plain deck of war {drawn: 2}
Comestibles
 u - a royal jelly


   Skills:
 + Level 4.6 Fighting
 + Level 1.8(2.8) Short Blades
 + Level 3.2(3.5) Long Blades
 + Level 0.2(1.2) Axes
 + Level 2.0 Polearms
 + Level 2.4 Slings
 + Level 6.4 Armour
 + Level 3.9 Dodging
 + Level 2.8 Stealth
 + Level 5.9 Shields
 + Level 1.9 Evocations


You had 8 spell levels left.
You didn't know any spells.

Dungeon Overview and Level Annotations

Branches:
Dungeon (8/15)             Temple (0/1) D:4
   Lair: D:8-11

Altars:
Dithmenos
Fedhas
Nemelex Xobeh
Ru
Sif Muna
Xom
Yredelemnul
Zin

Shops:
D:4 }

Annotations:
D:8 Pikel


Message History

The slave hits you but does no damage. The slave closely misses you.
The slave hits you. Pikel hits you with a whip of freezing. Pikel freezes you.
The slave hits you but does no damage. The slave hits you.
You closely miss Pikel.
Pikel is moderately wounded.
You block the slave's attack. Pikel hits you with a whip of freezing.
Pikel freezes you. The slave hits you. The slave hits you.
The slave misses you.
You draw a card...
It is the Crusade.
You begin to abjure the creatures around you!
Pikel misses you. The slave hits you!
* * * LOW HITPOINT WARNING * * *
The slave hits you!
* * * LOW HITPOINT WARNING * * *
The slave hits you but does no damage. The slave hits you.
* * * LOW HITPOINT WARNING * * *
The slave moves out of view.
Pikel hits you with a whip of freezing.
You die...
Your body disappears without a glow.

...( .... ....
#..## #....
###...##.....
#.....?......
##.........#
...#...p#....###
......pKp.......
......##@......#
....# #<#.#...#
.<. #.# # .# .
#.# #.# #.. ###


You could see Pikel and 3 slaves.

Vanquished Creatures
  A hungry ghost (D:7)
  A phantom (D:6)
  2 ogres
  A centaur (D:7)
  2 giant frogs
  2 crimson imps
  A jelly (D:5)
  A centaur zombie (D:5)
  An orc priest (D:6)
  A quasit (D:5)
  3 orc wizards
  Jessica (D:5)
  2 worker ants (D:5)
  A gnoll (D:8)
  7 adders
  3 shadow imps
  2 oozes (D:1)
  2 worms
  4 giant geckos
  10 orcs
  6 bats
  5 giant cockroaches
  5 goblins
  6 hobgoblins
  2 jackals (D:5)
  9 kobolds
  A quokka (D:3)
  3 ball pythons
  A ball python skeleton (D:6)
  4 giant newts
  5 rats
95 creatures vanquished.

Vanquished Creatures (collateral kills)
  The ghost of bollicks1999 the Shield-Bearer, a novice FoFi of Ru (D:7)
  Sigmund (D:3)
  Edmund (D:5)
  A sky beast (D:7)
  A scorpion (D:5)
  3 killer bees (D:5)
  3 orc wizards
  A worm (D:2)
  A giant gecko (D:6)
13 creatures vanquished.

Grand Total: 108 creatures vanquished

Notes
Turn   | Place    | Note
--------------------------------------------------------------
     0 | D:1      | fredomojojo the Human Fighter began the quest for the Orb.
     0 | D:1      | Reached XP level 1. HP: 18/18 MP: 1/1
    85 | D:1      | Found a sparkling altar of Nemelex Xobeh.
    90 | D:1      | Became a worshipper of Nemelex Xobeh the Trickster
   128 | D:1      | Reached XP level 2. HP: 24/24 MP: 2/2
   225 | D:1      | Received a gift from Nemelex Xobeh
   504 | D:1      | Reached XP level 3. HP: 29/29 MP: 3/3
   857 | D:2      | Found a shadowy altar of Dithmenos.
   953 | D:2      | Reached XP level 4. HP: 30/35 MP: 4/4
  1034 | D:2      | Reached * piety under Nemelex Xobeh
  1194 | D:3      | Found a basalt altar of Yredelemnul.
  1213 | D:3      | Received a gift from Nemelex Xobeh
  1353 | D:3      | Found a blossoming altar of Fedhas.
  1353 | D:3      | Found a shimmering altar of Xom.
  1353 | D:3      | Found a glowing silver altar of Zin.
  1755 | D:4      | Found a sacrificial altar of Ru.
  1765 | D:3      | Noticed Sigmund
  1773 | D:3      | Killed Sigmund
  1773 | D:3      | Reached skill level 1 in Slings
  1773 | D:3      | Reached skill level 4 in Armour
  1773 | D:3      | Reached skill level 1 in Dodging
  1773 | D:3      | Reached XP level 5. HP: 37/41 MP: 5/5
  1773 | D:3      | Reached XP level 6. HP: 42/47 MP: 6/6
  1931 | D:5      | Entered Level 5 of the Dungeon
  1940 | D:4      | Reached skill level 1 in Short Blades
  1940 | D:4      | Reached skill level 1 in Evocations
  1978 | D:5      | Reached XP level 7. HP: 24/52 MP: 7/7
  2183 | D:5      | Noticed a green ugly thing
  2190 | D:5      | Reached skill level 1 in Stealth
  2495 | D:5      | Reached ** piety under Nemelex Xobeh
  2583 | D:4      | Found Yqedawos's Gadget Boutique.
  2690 | D:4      | Received a gift from Nemelex Xobeh
  2705 | D:4      | Found a staircase to the Ecumenical Temple.
  3318 | D:5      | Noticed Jessica
  3374 | D:5      | Got an ebony trident {antimagic}
  3443 | D:5      | Reached skill level 5 in Armour
  3443 | D:5      | Reached XP level 8. HP: 31/60 MP: 8/8
  3710 | D:5      | Reached skill level 5 in Shields
  3919 | D:5      | Found a deep blue altar of Sif Muna.
  3934 | D:5      | Identified the cursed +1 trident of the Twelve Tales {antimagic, +Fly Dex+6} (You took it off an orc wizard on level 5 of the Dungeon)
  3943 | D:5      | Killed Jessica
  4044 | D:5      | Noticed Edmund
  4056 | D:5      | Killed Edmund
  4082 | D:5      | Got an encrusted great mace
  4429 | D:6      | Reached *** piety under Nemelex Xobeh
  4606 | D:7      | Noticed bollicks1999's ghost (novice FoFi)
  4615 | D:7      | Killed bollicks1999's ghost
  4615 | D:7      | Reached skill level 1 in Polearms
  4615 | D:7      | Reached skill level 6 in Armour
  4615 | D:7      | Reached XP level 9. HP: 13/65 MP: 0/10
  5311 | D:8      | Noticed Pikel
  5317 | D:8      | HP: 2/66 [slave[Pikel] (5)]
  5317 | D:8      | Slain by Pikel

Action                   |  1- 3 |  4- 6 |  7- 9 || total
-------------------------+-------+-------+-------++-------
Melee: Long sword        |    77 |    17 |    35 ||   129
       Dagger            |     1 |    12 |    65 ||    78
       Short sword       |       |    69 |    52 ||   121
       Hand axe          |       |       |    19 ||    19
       Trident           |       |       |   113 ||   113
       Scythe            |       |       |     1 ||     1
 Fire: Hunting sling     |       |    17 |    17 ||    34
Throw: Stone             |     3 |     4 |       ||     7
       Tomahawk          |       |       |     3 ||     3
 Abil: Evoke Invisibilit |       |       |     1 ||     1
Evoke: Deck              |     2 |     4 |    13 ||    19
       Wand              |       |       |     1 ||     1
  Use: Scroll            |       |       |    11 ||    11
       Potion            |       |       |     1 ||     1
 Stab: Confused          |       |       |     2 ||     2
  Eat: Bread ration      |       |     1 |     2 ||     3
       Chunk             |       |     1 |       ||     1
       Pizza             |       |       |     2 ||     2
       Beef jerky        |       |       |     2 ||     2
